AoeStats
← [AirBo]一大包

Nomad

507739990Analyzed
4v4 RM · 12d ago on Sep 19, 2026· 11m 19s· 8 players
Game mode
Random Map
Map size
231×231
Population
200
Speed
Normal
Resources
Standard
Victory
Conquest
Starting age
Dark Age
Ending age
Imperial Age
RankedLock teamsTeams togetherTeam positionsShared explorationLock speedFull tech treeHidden civsTurbo modeCheats
Victory
Defeat
🇦🇷 Lithuanians · Argentina
1726
+10
🇭🇰 Hindustanis · Hong Kong SAR China
1703
+11
🇹🇼 Maya · Taiwan
1619
+14
🇹🇼 Inca · Taiwan
1606
+14
🇦🇹 Ethiopians · Austria
1600
-13
🇹🇷 Portuguese · Türkiye
1595
-13
🇹🇼 Chinese · Taiwan
1561
-12
🇨🇳 Malay · China
1560
-11
AntiMetaist
10:47 Loom
13:03 Feudal Age
SAVIOR
5:05 Loom
joosephy
3:06 Loom
13:00 Feudal Age
USTA
9:13 Loom
[AirBo]實心包
8:38 Loom
甜心包
5:16 Loom
[AirBo]一大包
[AirBo]空氣包
10:59 Loom
Connection lost

Rejoining the realm…

Still unreachable

The connection could not be restored.

Session expired

The server has moved on; the page needs a fresh start.